 Dungeon Crawl Stone Soup version 0.26.1-2-gb8aa6d0cf2 (webtiles) character file.

Game seed: 9119178025180371857

593 Gauvater the Bolt Thrower (level 7, 0/78 HPs)
             Began as a Formicid Hunter on Feb 10, 2021.
             Was an Initiate of Cheibriados.
             Slain by Blork the orc
             ... wielding a +0 morningstar
              (6 damage)
             ... on level 5 of the Dungeon.
             The game lasted 00:19:04 (5125 turns).

Gauvater the Bolt Thrower (Formicid Hunter)         Turns: 5125, Time: 00:19:05

Health: 0/78       AC: 23    Str: 20    XL:     7   Next: 67%
Magic:  7/7        EV:  2    Int: 11    God:    Cheibriados [......]
Gold:   196        SH:  0    Dex: 18    Spells: 6/6 levels left

rFire    . . .     SeeInvis .   a - +1 hand crossbow
rCold    . . .     Faith    +   (no shield)
rNeg     + + +     Spirit   .   (armour currently unavailable)
rPois    +         Reflect  .   (helmet unavailable)
rElec    .         Harm     .   (cloak currently unavailable)
rCorr    .         Rampage  .   (gloves currently unavailable)
Will     .....                  (boots currently unavailable)
Stlth    ++........             r - amulet of faith
HPRegen  0.23/turn              l - ring of positive energy
MPRegen  0.10/turn              s - +6 ring of dexterity

@: brilliant, tree-form, very slow
A: permanent stasis, dig shafts and tunnels, four strong arms
a: Renounce Religion, Bend Time


You were on level 5 of the Dungeon.
You worshipped Cheibriados.
Cheibriados was noncommittal.
You were a tree.
You visited 2 branches of the dungeon, and saw 6 of its levels.

You collected 196 gold pieces.

Inventory:

Hand Weapons
 a - a +1 hand crossbow (weapon)
 b - a +0 short sword
Missiles
 e - a curare-tipped dart
 u - 55 arrows
Armour
 c - a +0 leather armour (melded)
 o - a +0 pair of gloves (melded)
Jewellery
 l - a ring of positive energy (left branch)
 n - an uncursed ring of magical power
 r - an amulet of faith (around neck)
 s - a +6 ring of dexterity (right branch)
 t - an uncursed amulet of the acrobat {unknown}
 w - an uncursed amulet of magic regeneration {unknown}
Scrolls
 f - 7 scrolls of identify {unknown}
 g - 4 scrolls of enchant armour {unknown}
 h - 6 scrolls of remove curse {unknown}
 i - 3 scrolls of teleportation {unknown}
 p - 3 scrolls of fog {unknown}
Potions
 j - a potion of invisibility {unknown}
 k - a potion of brilliance
 m - a potion of lignification
 q - a potion of attraction {unknown}
 v - 2 potions of haste {unknown}
 x - a potion of cancellation {unknown}
 z - a potion of ambrosia {unknown}


   Skills:
 + Level 3.6 Fighting
 + Level 7.5 Crossbows
 + Level 2.8 Armour
 + Level 2.1 Dodging
 + Level 1.9 Stealth


You had 6 spell levels left.
You didn't know any spells.
Your spell library was empty.

Dungeon Overview and Level Annotations

Branches:
Dungeon (5/15)             Temple (1/1) D:5

Altars:
Cheibriados
Dithmenos
Elyvilon
Gozag
Hepliaklqana
Kikubaaqudgha
Makhleb
Nemelex Xobeh
Okawaru
Ru
Sif Muna
Trog
Uskayaw
Vehumet
Wu Jian
Xom
Yredelemnul
Zin

Annotations:
D:4 3 runed translucent doors, rossy's ghost, amateur MiFi
D:5 Blork the orc


Innate Abilities, Weirdness & Mutations

You cannot be hasted, slowed, berserked, paralysed or teleported.
You can dig through walls and to a lower floor.
Your four strong arms can wield two-handed weapons with a shield.
((You have a pair of large antennae on your head. (SInv)))


Message History

You throw a curare-tipped dart.
The curare-tipped dart hits Blork the orc.
Blork the orc is poisoned.
Blork the orc convulses.
Blork the orc seems to slow down.
Blork the orc is heavily wounded.
Blork the orc closely misses you.
Blork the orc hits you with a +0 morningstar!
Blork the orc completely misses you.
Blork the orc gestures at you while chanting.
The puff of frost hits you!
* * * LOW HITPOINT WARNING * * *
It was a potion of brilliance.
You feel clever all of a sudden.
Okay, then.
It was a potion of lignification.
You turn into a tree.
Your +0 pair of gloves melds into your body.
Your +0 leather armour melds into your body.
Your roots penetrate the ground.
Blork the orc hits you with a +0 morningstar.
You die...

##.......#
#..#....#.
#.........
#..._..._.
#.........
#.....⌠...
#.........
##########.._..._.
#..♣o...##........
#.#####(.........#
#.# ####.#####.#
#.# #.# .# #.# #.#
#o# #.# # #.# #.#
# #.# #.# #(# #.#
#


You could see Blork the orc (fast, poisoned, slow).

Vanquished Creatures
  A howler monkey (D:5)
  4 hounds
  4 orc wizards
  A bullfrog skeleton (D:4)
  2 worker ants (D:4)
  4 gnolls (D:4)
  10 adders
  2 oozes (D:1)
  An adder skeleton (D:5)
  4 worms
  A dart slug (D:1)
  2 leopard geckos
  11 orcs
  6 bats
  6 giant cockroaches
  9 goblins
  8 hobgoblins
  6 jackals (D:1)
  8 kobolds
  3 ball pythons
  3 frilled lizards
  7 rats
103 creatures vanquished.

Notes
Turn   | Place    | Note
-------+----------+-------------------------------------------
     0 | D:1      | Gauvater the Formicid Hunter began the quest for the Orb.
     0 | D:1      | Reached XP level 1. HP: 16/16 MP: 1/1
    50 | D:1      | Reached XP level 2. HP: 14/22 MP: 2/2
   494 | D:1      | Reached XP level 3. HP: 28/28 MP: 3/3
   901 | D:1      | Reached skill level 5 in Crossbows
  1005 | D:1      | Reached XP level 4. HP: 34/34 MP: 4/4
  1773 | D:2      | Found a burning altar of Makhleb.
  1923 | D:2      | Reached skill level 1 in Armour
  1923 | D:2      | Reached XP level 5. HP: 40/40 MP: 5/5
  1934 | D:2      | Reached skill level 6 in Crossbows
  2565 | D:2      | Reached XP level 6. HP: 47/47 MP: 6/6
  3116 | D:3      | Found a faded altar of an unknown god.
  3677 | D:4      | Reached XP level 7. HP: 52/52 MP: 7/7
  3703 | D:4      | Reached skill level 7 in Crossbows
  4006 | D:4      | Found a runed translucent gate.
  4007 | D:4      | Found a runed translucent gate.
  4008 | D:4      | Found a runed translucent gate.
  4008 | D:4      | Noticed rossy's ghost (amateur MiFi)
  4056 | D:4      | Found a bloodstained altar of Trog.
  4342 | D:5      | Entered Level 5 of the Dungeon
  4643 | D:5      | Found a staircase to the Ecumenical Temple.
  4681 | D:5      | Found a hide-covered altar of Uskayaw.
  4690 | D:5      | Found a hazy altar of Hepliaklqana.
  4733 | Temple   | Entered the Ecumenical Temple
  5044 | Temple   | Became a worshipper of Cheibriados the Contemplative
  5082 | D:5      | Found an ancient bone altar of Kikubaaqudgha.
  5082 | D:5      | Found an iron altar of Okawaru.
  5104 | D:5      | Noticed Blork the orc
  5125 | D:5      | Slain by Blork the orc

Illustrated notes

Levels and vault maps discovered:
D:1:      saegor_arrival_under_anarchy, layout_loops_ring, serial_rivers,
          chequers_serial_rivers_micro_c, chequers_serial_rivers_large_a,
          chequers_serial_rivers_small_3, chequers_serial_rivers_small_a,
          chequers_serial_rivers_room_b, minmay_tetromino_s4
D:2:      layout_loops_cross, bloody_makhleb, minmay_indecisive_spiral
D:3:      layout_loops_ring, chequers_ecumenical_altar_simple_redux
D:4:      layout_rooms, ebering_ghost_rock_garden, trog_book
D:5:      layout_loops_ring, grunt_temple_overflow_open,
          minmay_temple_entry_large_hall, hangedman_decor_push,
          uniq_blork_the_orc, uniq_crazy_yiuf_cottage, uniq_sigmund
Temple:   dpeg_chambers_temple

Skill      XL: |  1  2  3  4  5  6  7 |
---------------+----------------------+-----
Crossbows      | 5 6 7 |  7.5
Armour         | 1 2 |  2.8
Fighting       | 3 |  3.6
Dodging        | 2 |  2.1
Stealth        | |  1.9

Action                   |  1- 3 |  4- 6 |  7- 9 || total
-------------------------+-------+-------+-------++-------
 Fire: Hand crossbow     |    65 |   147 |    53 ||   265
Throw: Dart              |       |       |     1 ||     1
 Abil: Dig               |       |     2 |       ||     2
  Use: Potion            |       |       |     2 ||     2
Armor: Leather armour    |     5 |    14 |    10 ||    29
Dodge: Dodged            |    18 |    32 |    36 ||    86
